 Dungeon Crawl Stone Soup version 0.28.0-53-g5a82cb258f (webtiles) character file.

Game seed: 876689241658826515

328 Stomo the Skirmisher (level 6, -1/49 HPs)
             Began as a Demonspawn Fighter on July 2, 2022.
             Slain by Edmund
             ... wielding a +1 dire flail of holy wrath
              (5 damage)
             ... on level 4 of the Dungeon.
             The game lasted 00:05:01 (4753 turns).

Stomo the Skirmisher (Demonspawn Fighter)           Turns: 4753, Time: 00:05:01

Health: -1/49      AC: 11    Str: 18    XL:     6   Next: 25%
Magic:  6/6        EV: 10    Int: 13    God:
Gold:   141        SH:  0    Dex: 13    Spells: 5/5 levels left

rFire   + . .      SeeInvis .   m - +7 mace "Watt" {spect, Int+4}
rCold   + . .      Faith    .   (no shield)
rNeg    . . .      Spirit   .   b - +1 scale mail
rPois   .          Reflect  .   (no helmet)
rElec   .          Harm     .   e - scarf {rC+ rF+}
rCorr   .          Rampage  .   (no gloves)
Will    .....                   (no boots)
Stlth   ..........              (no amulet)
HPRegen 0.16/turn               (no ring)
MPRegen 0.10/turn               (no ring)

@: no status effects
A: molten scales 2, demonic guardian 1, weakness stinger 1
a: no special abilities


You were on level 4 of the Dungeon.
You visited 1 branch of the dungeon, and saw 4 of its levels.

You collected 141 gold pieces.

Inventory:

Hand Weapons
 a - a +0 flail
 m - the +7 mace "Watt" (weapon) {spect, Int+4}
   (You found it on level 2 of the Dungeon)

   When its wielder attacks, the weapon's spirit leaps out and strikes again.
   The spirit shares a part of any damage it takes with its wielder.
   Int:       It affects your intelligence (+4).
Armour
 b - a +1 scale mail (worn)
 c - a +0 buckler
 e - a scarf of resistance (worn)
Scrolls
 k - 2 scrolls of teleportation
Potions
 j - 2 potions of heal wounds {unknown}
 n - a potion of curing {unknown}
 o - a potion of cancellation {unknown}
 q - a potion of flight {unknown}


   Skills:
 + Level 4.3 Fighting
 + Level 3.3 Maces & Flails
 + Level 4.0 Armour
 + Level 2.5 Dodging
 - Level 2.6 Shields


You had 5 spell levels left.
You didn't know any spells.
Your spell library was empty.

Dungeon Overview and Level Annotations

Branches:
Dungeon (4/15)
 Temple: D:4-7

Altars:
Gozag

Annotations:
D:4 Edmund


Innate Abilities, Weirdness & Mutations

You are mostly covered in molten scales. (AC +3)
A weak demonic guardian rushes to your aid.
You have a small tail.


Message History

Dowan barely misses you.
You closely miss Dowan.
Dowan is severely wounded.
Dowan casts a spell.
Dowan blinks!
Dowan gestures at you while chanting. The shard of ice hits you.
You partially resist.
Things that are here:
a +0 short sword; a +0 leather armour; the elf corpse of Duvessa Dowan says, "Her death will not be in vain!"
You sock Dowan!
You kill Dowan!
Your Armour skill increases to level 4!
You now have 141 gold pieces (gained 5).
Things that are here:
a +0 dagger; a +0 robe Your extra speed is starting to run out.
You feel yourself slow down.
You feel a little less mighty now.
HP restored.
Key pressed, stopping explore.
Found a stone staircase leading down.
Edmund shouts!
Edmund is nearby!
Edmund is nearby!
Edmund is nearby!
Edmund barely misses you.
You thump Edmund!
Edmund is moderately wounded.
Edmund hits you with a +1 dire flail of holy wrath!
You convulse!
You hit Edmund.
Edmund is moderately wounded.
Edmund hits you with a +1 dire flail of holy wrath.
You convulse!
* * * LOW HITPOINT WARNING * * *
Edmund hits you with a +1 dire flail of holy wrath.
* * * LOW HITPOINT WARNING * * *
A demonic guardian appears!
You convulse.
You die...

.....###...#.####
................#
.......##.###.#.###########
..........# #.#............
.......# #.#[.##########
....##.###.#..# #
....##.....#..# #
.....#.#####..######## #
>...)..5@@.).)........# #
.##.#...#####..######.# #
#...# #..# #.# # .## #...##
#..# #.###
....#....####..######..##
.......<.................
.........#############.##
#.#.###.## #.# ##.##.###
#.#


You could see Edmund (ally target) and a friendly quasit (summoned).

Vanquished Creatures
  Duvessa (D:4)
  Dowan (D:4)
  4 gnolls
  4 adders
  An adder skeleton (D:4)
  A dart slug (D:1)
  7 orcs (D:3)
  7 ball pythons
  3 bats
  5 endoplasms
  2 giant cockroaches
  3 hobgoblins
  2 jackals (D:2)
  6 kobolds
  2 quokkas
  4 frilled lizards
  4 goblins
  5 rats
62 creatures vanquished.

Vanquished Creatures (collateral kills)
  An orc priest (D:3)
  An orc (D:3)
2 creatures vanquished.

Grand Total: 64 creatures vanquished

Notes
Turn   | Place    | Note
-------+----------+-------------------------------------------
     0 | D:1      | Stomo the Demonspawn Fighter began the quest for the Orb.
     0 | D:1      | Reached XP level 1. HP: 18/18 MP: 1/1
   464 | D:1      | Gained mutation: You have a small tail. [demonic ancestry]
   464 | D:1      | Reached XP level 2. HP: 22/24 MP: 2/2
   705 | D:1      | Found a faded altar of an unknown god.
  1345 | D:2      | Reached skill level 1 in Dodging
  1345 | D:2      | Reached XP level 3. HP: 25/29 MP: 3/3
  1870 | D:2      | Identified the +7 mace "Watt" {spect, Int+4}
  2452 | D:3      | Gained mutation: A weak demonic guardian rushes to your
                  | aid. [demonic ancestry]
  2452 | D:3      | Reached XP level 4. HP: 29/35 MP: 4/4
  3599 | D:4      | Noticed an ogre
  4018 | D:3      | Identified a scroll of acquirement
  4018 | D:3      | Acquired a scarf of resistance
  4052 | D:4      | Noticed Dowan
  4054 | D:4      | Gained mutation: You are partially covered in molten
                  | scales. (AC +2) [demonic ancestry]
  4054 | D:4      | Reached XP level 5. HP: 32/42 MP: 5/5
  4055 | D:4      | Noticed Duvessa
  4465 | D:4      | Found an opulent altar of Gozag.
  4479 | D:4      | Noticed Edmund
  4562 | D:4      | Killed Duvessa
  4563 | D:4      | Gained mutation: You are mostly covered in molten scales.
                  | (AC +3) [demonic ancestry]
  4563 | D:4      | Reached XP level 6. HP: 40/48 MP: 6/6
  4571 | D:4      | Killed Dowan
  4753 | D:4      | Slain by Edmund

Illustrated notes

Levels and vault maps discovered:
D:1:      lightli_arrival_flooded_house, layout_basic,
          hellmonk_ecumenical_altar_zigzags
D:2:      layout_basic, kennysheep_generic_room_14
D:3:      layout_basic
D:4:      layout_loops_ring, kennysheep_little_box, uniq_edmund, uniq_duvessa

Skill      XL: |  1  2  3  4  5  6 |
---------------+-------------------+-----
Maces & Flails | 2 3 |  3.3
Armour         | 3 4 |  4.0
Dodging        | 1 2 |  2.5
Fighting       | 4 |  4.3
Shields        | |  2.6

Action                   |  1- 3 |  4- 6 || total
-------------------------+-------+-------++-------
Melee: Flail             |    96 |       ||    96
       Tailslap          |     8 |     5 ||    13
       Mace              |    16 |    56 ||    72
       Punch             |       |     1 ||     1
  Use: Scroll            |       |     8 ||     8
       Potion            |       |     2 ||     2
Armor: Scale mail        |    53 |    26 ||    79
Dodge: Dodged            |    63 |    44 ||   107
